 Dungeon Crawl Stone Soup version 0.24.0-10-g970556be89 (webtiles) character file.

Game seed: 867347935543507778, levelgen mode: deterministic

140 Arixos the Skirmisher (level 5, -2/42 HPs)
             Began as a Demonspawn Monk on Nov 4, 2019.
             Slain by Grinder (6 damage)
             ... on level 3 of the Dungeon.
             The game lasted 00:07:28 (3091 turns).

Arixos the Skirmisher (Demonspawn Monk)             Turns: 3091, Time: 00:07:28

Health: -2/42      AC: 10    Str: 12    XL:     5   Next: 2%
Magic:  5/5        EV:  7    Int: 11    God:
Gold:   62         SH:  0    Dex: 16    Spells: 4/4 levels left

rFire    . . .     SeeInvis .     - Unarmed
rCold    . . .     Gourm    .   (no shield)
rNeg     . . .     Faith    .   k - +0 chain mail
rPois    .         Spirit   .   (helmet restricted)
rElec    .         Reflect  .   (no cloak)
rCorr    .         Harm     .   (no gloves)
MR       .....     Rnd*Tele +   (no boots)
Stlth    ..........             (no amulet)
HPRegen  0.14/turn              d - ring of teleportation (curse)
MPRegen  0.09/turn              (no ring)

@: no status effects
A: horns 1, thin metallic scales 1
a: no special abilities


You were on level 3 of the Dungeon.
You were not hungry.

You visited 1 branch of the dungeon, and saw 3 of its levels.

You collected 62 gold pieces.

Inventory:

Missiles
 n - 18 poisoned darts (quivered)
Armour
 k - a +0 chain mail (worn)
Jewellery
 d - a cursed ring of teleportation (left hand)
Scrolls
 l - 2 scrolls of identify
 m - a scroll of blinking
Potions
 a - 2 potions of heal wounds
 c - a potion of haste {unknown}
 e - a potion of resistance {unknown}
 f - a potion of might {unknown}
 g - a potion of degeneration {unknown}
 h - a potion of cancellation {unknown}
 i - a potion of flight {unknown}
 j - a potion of curing {unknown}
Comestibles
 b - 4 rations


   Skills:
 + Level 4.1 Fighting
 + Level 2.2 Armour
 + Level 3.7 Dodging
 - Level 1.7 Stealth
 - Level 2.6 Unarmed Combat


You had 4 spell levels left.
You didn't know any spells.
Your spell library was empty.

Dungeon Overview and Level Annotations

Branches:
Dungeon (3/15)

Altars:
Vehumet

Annotations:
D:3 1 runed translucent door, Grinder; skumtomte's ghost, amateur MfTm


Innate Abilities, Weirdness & Mutations

You have a pair of small horns on your head.
You are partially covered in thin metallic scales. (AC +2)


Message History

Grinder gestures at you.
You shrug off the repeated paralysis!
Grinder hits you!
You writhe in agony.
Grinder hits you.
You writhe in agony.
Grinder gestures at you.
You shrug off the repeated paralysis!
Grinder says, "Mostly I couldn't keep them alive."
Grinder hits you!
* * * LOW HITPOINT WARNING * * *
Grinder hits you but does no damage.
You can move again.
You hit Grinder.
Grinder is moderately wounded.
Grinder hits you but does no damage.
You barely miss Grinder. Your headbutt misses Grinder.
Grinder is moderately wounded.
Grinder hits you.
* * * LOW HITPOINT WARNING * * *
You writhe in agony.
You die...

..(.......# #.#
########### #.#
#.#######.###
#............#
♣♣####.###### #.#
♣♣.+..#.########.# #
♣♣................. .#
♣........(..#####.# ..
♣..+..@....#####.##.#.#
♣♣ ##..5...........S...
#.##.#.#####5##.#.#
#######
####.##.#.#####.# $.
......#
#.#...........#.# .#
......#
#.......#.###.#5# #
....<.#
###.#####.......#
####### #.# #####.#.#
#.# ##.#.#


You could see Grinder.

Vanquished Creatures
  Terence (D:2)
  6 adders
  4 worms
  3 dart slugs
  A leopard gecko (D:1)
  An orc (D:3)
  A ball python (D:1)
  5 bats
  3 hobgoblins
  3 jackals (D:1)
  7 kobolds
  7 frilled lizards
  3 goblins
  2 rats (D:1)
47 creatures vanquished.

Notes
Turn   | Place    | Note
-------+----------+-------------------------------------------
     0 | D:1      | Arixos the Demonspawn Monk began the quest for the Orb.
     0 | D:1      | Reached XP level 1. HP: 18/18 MP: 1/1
   262 | D:1      | Gained mutation: You have a pair of small horns on your
                  | head. [demonic ancestry]
   262 | D:1      | Reached XP level 2. HP: 23/24 MP: 2/2
   319 | D:1      | Reached skill level 1 in Armour
   759 | D:1      | Reached XP level 3. HP: 29/29 MP: 3/3
  2006 | D:2      | Found a faded altar of an unknown god.
  2053 | D:2      | Noticed Terence
  2068 | D:2      | Killed Terence
  2068 | D:2      | Gained mutation: You are partially covered in thin metallic
                  | scales. (AC +2) [demonic ancestry]
  2068 | D:2      | Reached XP level 4. HP: 34/37 MP: 4/4
  2191 | D:2      | Found a radiant altar of Vehumet.
  2451 | D:2      | Reached skill level 4 in Fighting
  2696 | D:3      | Found a runed translucent door.
  2697 | D:3      | Noticed skumtomte's ghost (amateur MfTm)
  2872 | D:3      | Noticed Grinder
  2885 | D:3      | Reached XP level 5. HP: 34/42 MP: 5/5
  3082 | D:3      | Paralysed by Grinder for 7 turns
  3091 | D:3      | Slain by Grinder

Levels and vault maps discovered:
D:1:      minmay_arrival_semitransparent, layout_basic
D:2:      layout_basic, fiery_altar_vehumet,
          chequers_ecumenical_altar_simple_redux, uniq_terence
D:3:      layout_loops_ring, grunt_temple_overflow_order_and_chaos_2,
          cheibrodos_ashenzari_chains, ebering_ghost_reflecting_pool,
          uniq_crazy_yiuf_cottage, uniq_ijyb, uniq_grinder, uniq_sigmund

Skill      XL: |  1  2  3  4 |
---------------+-------------+-----
Armour         | 1 2 |  2.2
Dodging        | 3 |  3.7
Fighting       | 4 |  4.1
Stealth        | |  1.7
Unarmed Combat | |  2.6

Action                   |  1- 3 |  4- 6 || total
-------------------------+-------+-------++-------
Melee: Unarmed           |   145 |   100 ||   245
       Headbutt          |    19 |    21 ||    40
       Punch             |       |     1 ||     1
  Use: Scroll            |     2 |     2 ||     4
 Stab: Sleeping          |     1 |       ||     1
  Eat: Chunk             |     4 |     3 ||     7
Armor: Robe              |     9 |       ||     9
       Ring mail         |    33 |       ||    33
       Chain mail        |       |    48 ||    48
Dodge: Dodged            |    84 |    28 ||   112
